 Dungeon Crawl Stone Soup version 0.26.1-11-gd32895ea62 (webtiles) character file.

Game seed: 3463763617772176430

112 Zeld the Chucker (level 4, -8/29 HPs)
             Began as an Octopode Gladiator on May 22, 2021.
             Was an Initiate of Okawaru.
             Blown up by Ijyb (31 damage)
             ... with a disintegration bolt
             ... on level 2 of the Dungeon.
             The game lasted 00:02:39 (3313 turns).

Zeld the Chucker (Octopode Gladiator)               Turns: 3313, Time: 00:02:40

Health: -8/29      AC:  1    Str: 14    XL:     4   Next: 93%
Magic:  4/4        EV: 14    Int: 10    God:    Okawaru [......]
Gold:   107        SH:  0    Dex: 13    Spells: 3/3 levels left

rFire    . . .     SeeInvis .     - Unarmed
rCold    . . .     Faith    .   (no shield)
rNeg     . . .     Spirit   .   a - +0 hat
rPois    .         Reflect  .   (no amulet)
rElec    .         Harm     .   (no ring)
rCorr    .         Rampage  .   (no ring)
Will     .....                  (no ring)
Stlth    ++........             (no ring)
HPRegen  0.09/turn              (no ring)
MPRegen  0.09/turn              (no ring)
                                (no ring)
                                (no ring)

@: no status effects
A: almost no armour, stealthy swim, amphibious, 8 rings, constrict 8, camouflage
1, gelatinous body 1
a: Renounce Religion


You were on level 2 of the Dungeon.
You worshipped Okawaru.
Okawaru was noncommittal.
You visited 1 branch of the dungeon, and saw 3 of its levels.

You collected 107 gold pieces.

Inventory:

Missiles
 b - 3 throwing nets (quivered)
Armour
 a - a +0 hat (worn)
Jewellery
 e - a cursed amulet of inaccuracy {unknown}
Scrolls
 c - a scroll of enchant armour {unknown}
 f - 2 scrolls of identify {unknown}
 g - a scroll of magic mapping {unknown}
 h - a scroll of enchant weapon {unknown}
 i - 2 scrolls of teleportation {unknown}
 m - a scroll of remove curse {unknown}
Potions
 d - 2 potions of might {unknown}
 j - 2 potions of curing {unknown}
 k - a potion of flight {unknown}
 l - a potion of haste {unknown}


   Skills:
 - Level 2.0 Fighting
 * Level 4.9 Throwing
 - Level 3.0 Dodging
 - Level 3.0 Unarmed Combat


You had 3 spell levels left.
You didn't know any spells.
Your spell library was empty.

Dungeon Overview and Level Annotations

Branches:
Dungeon (3/15)

Altars:
Okawaru

Annotations:
D:2 Ijyb
D:3 Terence


Innate Abilities, Weirdness & Mutations

You cannot wear most types of armour.
You are very stealthy in the water. (Stealth+)
You are amphibious.
You can wear up to eight rings at the same time.
You can use your tentacles to constrict eight enemies at once.
Your skin changes colour to match your surroundings (Stealth+).
Your rubbery body absorbs attacks. (AC +1, EV +1)


Message History

Ijyb barely misses you.
You climb upwards.
There is a stone staircase leading down here.
You tentacle-slap Ijyb. You grab Ijyb.
Ijyb is moderately wounded.
You constrict Ijyb, but do no damage. You tentacle-slap Ijyb.
Ijyb is heavily wounded.
You constrict Ijyb. Ijyb barely misses you.
You tentacle-slap Ijyb. You squeeze Ijyb, but do no damage.
Ijyb is heavily wounded.
You constrict Ijyb, but do no damage.
Ijyb zaps a wand.
You are blasted!
You tentacle-slap Ijyb but do no damage.
Ijyb is heavily wounded.
You constrict Ijyb, but do no damage. Ijyb barely misses you.
You tentacle-slap Ijyb.
Ijyb is severely wounded.
You constrict Ijyb.
Ijyb zaps a wand.
You are blasted!
Ouch! That really hurt!
You die...

..#..##....#....###.##...........
[......##..............#.###.....
................###..###.#.......
................##..## #.#.....##
<..........##......#####....#.###
..........####........#.......# #
.................#.........#### #
#....#....######.###.#....#######
..#....##...## #@.##.....###.....
.......####..###÷g..............#
..#..............#....>.......###
..#.........................#.###
..#......>..#####...........#.#..
#####.####....###...[.#..........
#..# ####....)......#.#####..
#.## #...........###..## ### #.#
#.........#.# #...#


You could see Ijyb.

Vanquished Creatures
  6 adders
  2 worms (D:2)
  2 leopard geckos
  5 giant cockroaches
  9 goblins
  6 hobgoblins
  7 kobolds
  4 bats
  3 frilled lizards (D:2)
  6 rats
50 creatures vanquished.

Notes
Turn   | Place    | Note
-------+----------+-------------------------------------------
     0 | D:1      | Zeld the Octopode Gladiator began the quest for the Orb.
     0 | D:1      | Reached XP level 1. HP: 14/14 MP: 1/1
   361 | D:1      | Reached XP level 2. HP: 19/19 MP: 2/2
   717 | D:1      | Reached skill level 3 in Throwing
  1027 | D:2      | Reached XP level 3. HP: 9/24 MP: 3/3
  1473 | D:2      | Reached skill level 4 in Throwing
  1647 | D:2      | Found an iron altar of Okawaru.
  1660 | D:2      | Became a worshipper of Warmaster Okawaru
  1806 | D:2      | Reached XP level 4. HP: 17/29 MP: 4/4
  2859 | D:3      | Noticed an ogre
  2923 | D:3      | Noticed Ijyb
  2925 | D:3      | Noticed Terence
  3313 | D:2      | Blown up by Ijyb

Illustrated notes

Levels and vault maps discovered:
D:1:      minmay_arrival_four_houses, layout_rooms, hangedman_decor_growths
D:2:      layout_rooms, okawaru_gym_becter
D:3:      layout_basic, minmay_misc_feat_enclosed, minmay_statues_item,
          uniq_ijyb, uniq_terence

Skill      XL: |  1  2  3 |
---------------+----------+-----
Throwing       | 3 4 |  4.9
Fighting       | |  2.0
Dodging        | |  3.0
Unarmed Combat | |  3.0

Action                   |  1- 3 |  4- 6 || total
-------------------------+-------+-------++-------
Melee: Unarmed           |    76 |    53 ||   129
       Constrict         |    18 |    14 ||    32
       Tentacles         |    12 |    12 ||    24
       Punch             |     2 |     1 ||     3
 Stab: Sleeping          |     1 |     1 ||     2
Armor: Skin              |     5 |     2 ||     7
Dodge: Dodged            |    45 |    27 ||    72
